 Dungeon Crawl Stone Soup version 0.24-a0-439-g6dd8730 (webtiles) character file.

Game seed: 16886818002529360984

6743 Bitman the Basher (level 10, 0/139 HPs)
             Began as a Minotaur Berserker on June 18, 2019.
             Was a High Priest of Trog.
             Slain by a two-headed ogre
             ... wielding a +0 giant club
              (6 damage)
             ... on level 11 of the Dungeon.
             The game lasted 00:42:54 (8358 turns).

Bitman the Basher (Minotaur Berserker)              Turns: 8358, Time: 00:42:55

Health: 0/139      AC: 25    Str: 24    XL:     10   Next: 75%
Magic:  0/7        EV:  2    Int:  4    God:    Trog [*****.]
Gold:   544        SH:  0    Dex: 11    Spells: 9/9 levels left

rFire    . . .     SeeInvis .   J - +2 dire flail (antimagic)
rCold    . . .     Gourm    .   (shield currently unavailable)
rNeg     + + +     Faith    .   (armour currently unavailable)
rPois    +         Spirit   +   (helmet currently unavailable)
rElec    .         Reflect  .   (cloak currently unavailable)
rCorr    .         Harm     .   (gloves currently unavailable)
MR       .....     NoTele   +   (boots currently unavailable)
Stlth    +.........             D - amulet of guardian spirit
HPRegen  0.33/turn              l - ring of magical power
MPRegen  0.10/turn              u - ring of poison resistance

@: tree-form, berserk cooldown, slowed, very slow
A: (retaliatory headbutt)
a: Berserk, Trog's Hand, Brothers in Arms, Renounce Religion


You were on level 11 of the Dungeon.
You worshipped Trog.
Trog was extremely pleased with you.
You were very hungry.
You were a tree.
You visited 1 branch of the dungeon, and saw 11 of its levels.

You collected 544 gold pieces.

Inventory:

Hand Weapons
 a - a +1 mace
 J - a +2 antimagic dire flail (weapon)
Missiles
 b - 7 javelins
 d - 353 stones
 C - 5 silver boomerangs (quivered)
Armour
 j - a +0 cloak of invisibility (melded)
 k - a +0 pair of boots (melded)
 w - the +12 chain mail "Tentas" (melded) {Stlth+}
   (You found it on level 4 of the Dungeon)

   It makes you more stealthy.
 A - a +4 plate armour of fire resistance
Jewellery
 l - a ring of magical power (left branch)
 u - a ring of poison resistance (right branch)
 x - an uncursed ring of flight
 B - an uncursed ring of poison resistance
 D - an amulet of guardian spirit (around neck)
 G - an uncursed ring of fire {unknown}
Wands
 F - a wand of iceblast (10)
Scrolls
 e - 5 scrolls of teleportation
 h - 2 scrolls of amnesia
 r - 2 scrolls of enchant weapon
 t - 7 scrolls of remove curse
 v - a scroll of random uselessness {unknown}
 y - a scroll of identify
 z - a scroll of magic mapping
 E - a scroll of fog {unknown}
 H - a scroll of blinking {unknown}
Potions
 f - a potion of cancellation {unknown}
 g - 2 potions of flight
 i - 2 potions of resistance {unknown}
 n - 3 potions of brilliance
 o - 5 potions of curing
 p - 3 potions of heal wounds {unknown}
 q - a potion of degeneration {unknown}
 s - 2 potions of lignification
 I - a potion of agility {unknown}
Comestibles
 c - 9 rations


   Skills:
 + Level 9.8 Fighting
 * Level 12.8 Maces & Flails
 + Level 4.9 Armour
 + Level 8.5 Dodging
 + Level 5.1 Evocations


You had 9 spell levels left.
You didn't know any spells.
Your spell library was empty.

Dungeon Overview and Level Annotations

Branches:
Dungeon (10/15)            Temple (0/1) D:5            Lair (0/6) D:8
    Orc: D:9-12

Altars:
Dithmenos
Qazlal
Sif Muna
Yredelemnul

Annotations:
D:8 2 runed translucent doors, flyingllamaman's ghost, novice DsHu


Innate Abilities, Weirdness & Mutations

((You reflexively headbutt those who attack you in melee.))
((You have a pair of horns on your head.))


Message History

You cannot move. (Use ctrl+direction or * direction to attack without moving.)
You sock the freezing wraith!
The freezing wraith is severely damaged.
The wyvern bites you but does no damage.
The two-headed ogre hits you but does no damage.
The two-headed ogre hits you with a +0 giant club!
* * * LOW HITPOINT WARNING * * *
The orc hits you but does no damage.
The worker ant bites you but does no damage.
The wyvern bites you but does no damage.
The freezing wraith hits you but does no damage. x2
You sock the two-headed ogre!
The two-headed ogre is lightly wounded.
You feel less confused. The wyvern bites you!
* * * LOW HITPOINT WARNING * * *
The worker ant bites you but does no damage.
The two-headed ogre hits you but does no damage.
The two-headed ogre hits you with a +0 giant club!
You die...

..............
#............
#...........
#........... .
##.....(.)...
...###..(...(#
......?.((..##
......).oW.(#
......Sa♣O.(##
.......olWo..#
......)..........
#....o....[......
#.......>.......$..
#..................
..................
............###...
....[.....##


You could see a two-headed ogre, a phantasmal warrior, a freezing wraith, an orc
warrior, a wyvern, a worker ant, an orc wizard, an adder and 2 orcs.

Vanquished Creatures
  Joseph (D:7)
  Prince Ribbit (D:9)
  A hippogriff (D:8)
  2 wyverns
  A hungry ghost (D:8)
  2 wargs (D:8)
  A water moccasin (D:9)
  A sky beast (D:7)
  2 orc warriors
  3 ice beasts
  A black bear (D:9)
  A phantom (D:9)
  4 ogres
  An eye of draining (D:9)
  A necrophage (D:8)
  7 centaurs
  A crocodile (D:9)
  A big kobold (D:8)
  4 bullfrogs
  3 scorpions
  6 killer bees (D:8)
  5 howler monkeys
  3 wights (D:6)
  3 bullfrog zombies
  A crimson imp (D:6)
  2 jellies
  4 orc priests
  Crazy Yiuf (D:6)
  5 hounds
  10 orc wizards
  2 centaur skeletons (D:8)
  Jessica (D:2)
  2 bullfrog skeletons (D:6)
  2 iguanas (D:4)
  6 worker ants
  A hound zombie (D:9)
  7 gnolls
  12 adders
  2 howler monkey skeletons (D:4)
  4 shadow imps
  2 oozes
  An adder zombie (D:4)
  An adder skeleton (D:8)
  4 worms
  4 leopard geckos
  21 orcs
  8 bats
  9 giant cockroaches
  6 goblins
  6 hobgoblins
  13 jackals
  10 kobolds
  3 quokkas
  A ball python (D:3)
  5 frilled lizards
  A leopard gecko zombie (D:5)
  A quokka skeleton (D:3)
  5 rats
219 creatures vanquished.

Vanquished Creatures (collateral kills)
  A death knight (D:11)
  A cyclops (D:11)
  A hippogriff (D:7)
  A centaur (D:11)
  A howler monkey (D:11)
  A hound (D:11)
  An adder skeleton (D:7)
7 creatures vanquished.

Grand Total: 226 creatures vanquished

Notes
Turn   | Place    | Note
-------+----------+-------------------------------------------
     0 | D:1      | Bitman the Minotaur Berserker began the quest for the Orb.
     0 | D:1      | Reached XP level 1. HP: 19/19 MP: 0/0
    51 | D:1      | Reached XP level 2. HP: 11/27 MP: 1/1
   435 | D:1      | Reached skill level 4 in Maces & Flails
   799 | D:1      | Reached XP level 3. HP: 30/33 MP: 2/2
   813 | D:1      | Reached ** piety under Trog
  1577 | D:2      | Noticed Jessica
  1584 | D:2      | Killed Jessica
  1584 | D:2      | Reached XP level 4. HP: 41/41 MP: 3/3
  1752 | D:3      | Reached skill level 5 in Maces & Flails
  1767 | D:3      | Found a basalt altar of Yredelemnul.
  1778 | D:3      | Reached XP level 5. HP: 47/47 MP: 4/4
  2650 | D:3      | Reached *** piety under Trog
  2909 | D:4      | Reached skill level 5 in Fighting
  3053 | D:4      | Reached skill level 6 in Maces & Flails
  3053 | D:4      | Reached XP level 6. HP: 56/56 MP: 5/5
  3464 | D:4      | Got a dazzling chain mail
  3465 | D:4      | Identified the +12 chain mail "Tentas" {Stlth+} (You found
                  | it on level 4 of the Dungeon)
  3745 | D:5      | Entered Level 5 of the Dungeon
  3772 | D:5      | Found a staircase to the Ecumenical Temple.
  3860 | D:5      | Reached skill level 7 in Maces & Flails
  3958 | D:5      | Reached XP level 7. HP: 62/62 MP: 6/6
  4291 | D:6      | Reached **** piety under Trog
  4303 | D:6      | Reached skill level 5 in Dodging
  4305 | D:6      | Reached skill level 8 in Maces & Flails
  4570 | D:6      | Reached XP level 8. HP: 69/71 MP: 7/7
  4574 | D:6      | Found a deep blue altar of Sif Muna.
  4742 | D:6      | Reached skill level 9 in Maces & Flails
  4877 | D:6      | Found a runed translucent door.
  4878 | D:6      | Noticed Crazy Yiuf
  4890 | D:6      | Killed Crazy Yiuf
  4890 | D:6      | Reached skill level 1 in Evocations
  5092 | D:7      | Noticed a hippogriff
  5104 | D:7      | Killed a hippogriff
  5264 | D:7      | Noticed Joseph
  5285 | D:7      | Killed Joseph
  5285 | D:7      | Reached skill level 10 in Maces & Flails
  5285 | D:7      | Reached XP level 9. HP: 81/81 MP: 9/9
  5497 | D:7      | Reached ***** piety under Trog
  5763 | D:7      | Found a stormy altar of Qazlal.
  6119 | D:7      | Reached skill level 11 in Maces & Flails
  6426 | D:8      | Received a gift from Trog
  6661 | D:8      | Found a large runed translucent door.
  6671 | D:8      | Found a staircase to the Lair.
  6677 | D:8      | Reached XP level 10. HP: 91/91 MP: 12/12
  7057 | D:8      | Reached skill level 12 in Maces & Flails
  7188 | D:8      | Found a large runed translucent door.
  7191 | D:8      | Noticed flyingllamaman's ghost (novice DsHu)
  8010 | D:9      | Noticed Prince Ribbit
  8021 | D:9      | Killed Prince Ribbit
  8021 | D:9      | Received a gift from Trog
  8032 | D:9      | Found a shadowy altar of Dithmenos.
  8300 | D:10     | Entered Level 10 of the Dungeon
  8331 | D:10     | You fall into a shaft and drop 1 floor!
  8331 | D:11     | Noticed a cyclops
  8340 | D:11     | Killed a cyclops
  8343 | D:11     | Reached skill level 5 in Evocations
  8347 | D:11     | Noticed a death knight
  8348 | D:11     | Noticed a two-headed ogre
  8351 | D:11     | Killed a death knight
  8352 | D:11     | Noticed a phantasmal warrior
  8358 | D:11     | HP: 6/139 [wyvern (9)]
  8358 | D:11     | Slain by a two-headed ogre

Levels and vault maps discovered:
D:1:      saegor_arrival_miasma, layout_basic
D:2:      layout_basic, first_ration, uniq_jessica
D:3:      layout_basic, serial_bayou_pond_c, dk_noncrumbling_3,
          yredelemnul_altar_generic
D:4:      layout_basic
D:5:      layout_cave_pools, minmay_temple_entry_large_hall
D:6:      kennysheep_orc_sif_temple, layout_basic, uniq_crazy_yiuf_cottage
D:7:      layout_loops_ring, minmay_crystal_water, lemuel_centaur_altar,
          uniq_joseph
D:8:      layout_gridville, erik_lair_orcish_takeover,
          ebering_ghost_disaster_area
D:9:      layout_irregular_city, nicolae_dithmenos_through_a_glass_darkly,
          uniq_prince_ribbit1
D:10:     layout_irregular_city, orc_david_3, uniq_nergalle
D:11:     layout_big_octagon, serial_shops, nicolae_shop_overgrown_old_shop,
          hangedman_pestilent_swarm, grunt_ministairs_14

Skill      XL: |  1  2  3  4  5  6  7  8  9 10 |
---------------+-------------------------------+-----
Fighting       | 4 5 6 7 9 |  9.8
Maces & Flails | 4 5 6 7 8 10 11 12 | 12.8
Dodging        | 3 4 5 6 7 8 |  8.5
Evocations     | 2 4 5 |  5.1
Armour         | 3 4 |  4.9

Action                   |  1- 3 |  4- 6 |  7- 9 | 10-12 || total
-------------------------+-------+-------+-------+-------++-------
Melee: Mace              |    71 |   139 |   275 |   116 ||   601
       Headbutt          |    13 |    27 |    65 |    24 ||   129
       Dagger            |       |     2 |       |       ||     2
       Dire flail        |       |       |       |    24 ||    24
Invok: Berserk           |     2 |     1 |     8 |     2 ||    13
       Brothers in Arms  |       |       |     1 |     1 ||     2
Evoke: Wand              |       |       |       |     1 ||     1
  Use: Scroll            |     2 |    10 |     1 |     5 ||    18
       Potion            |       |       |       |     1 ||     1
  Eat: Chunk             |     3 |     6 |    12 |     5 ||    26
       Ration            |       |     1 |     1 |     2 ||     4
Armor: Animal skin       |     4 |       |       |       ||     4
       Ring mail         |    14 |       |       |       ||    14
       Scale mail        |     8 |    43 |       |       ||    51
       Chain mail        |       |    37 |   222 |    72 ||   331
       Skin              |       |       |       |    13 ||    13
Dodge: Dodged            |    59 |    71 |   181 |    80 ||   391

Table legend:
 A = Non-vault XP
 B = Vault XP
 C = Vault XP percentage of total XP
 D = Non-vault monster count
 E = Vault monster count
 F = Vault count percentage of total count
                 A         B        C        D         E       F
            +---------+---------+-------+---------+---------+-------
      Total |    7516 |    2117 |  22.0 |     205 |      21 |   9.3
            +---------+---------+-------+---------+---------+-------
        D:1 |      49 |       0 |   0.0 |      27 |       0 |   0.0
        D:2 |      44 |      37 |  45.7 |      13 |       1 |   7.1
        D:3 |     153 |       0 |   0.0 |      21 |       0 |   0.0
        D:4 |     266 |       0 |   0.0 |      15 |       0 |   0.0
        D:5 |     392 |       0 |   0.0 |      21 |       0 |   0.0
        D:6 |     589 |     309 |  34.4 |      21 |       6 |  22.2
        D:7 |    1399 |     914 |  39.5 |      30 |       5 |  14.3
        D:8 |    1809 |     574 |  24.1 |      27 |       8 |  22.9
        D:9 |    1480 |     283 |  16.1 |      24 |       1 |   4.0
       D:11 |    1335 |       0 |   0.0 |       6 |       0 |   0.0
            +---------+---------+-------+---------+---------+-------
